 Dungeon Crawl Stone Soup version 0.27-b1-16-g6517624069 (webtiles) character file.

Game seed: 10556065448213323269

329 RascalDebosk the Grave Robber (level 6, -1/57 HPs)
             Began as a Troll Necromancer on July 27, 2021.
             Was an Initiate of Ashenzari.
             Slain by a gnoll (4 damage)
             ... on level 4 of the Dungeon.
             The game lasted 00:29:59 (3318 turns).

RascalDebosk the Grave Robber (Troll Necromancer)   Turns: 3318, Time: 00:29:59

Health: -1/57      AC:  4    Str: 17    XL:     6   Next: 25%
Magic:  4/7        EV: 10    Int: 13    God:    Ashenzari [......]
Gold:   137        SH:  0    Dex: 10    Spells: 1/8 levels left

rFire    . . .     SeeInvis .     - Unarmed
rCold    . . .     Faith    .   (no shield)
rNeg     . . .     Spirit   .   a - +0 robe
rPois    .         Reflect  .   (helmet restricted)
rElec    .         Harm     .   (no cloak)
rCorr    .         Rampage  .   (gloves unavailable)
Will     .....                  (boots unavailable)
Stlth    ++........             (no amulet)
HPRegen  1.19/turn              (no ring)
MPRegen  0.10/turn              (no ring)

@: no status effects
A: large, unfitting armour, claws 3, regeneration 1, shaggy fur 1, tough skin 1
a: Renounce Religion, Curse Item


You were on level 4 of the Dungeon.
You worshipped Ashenzari.
Ashenzari was noncommittal.
You visited 1 branch of the dungeon, and saw 4 of its levels.

You collected 137 gold pieces.

Inventory:

Hand Weapons
 l - a +0 flail
Armour
 a - a +0 robe (worn)
 c - a +0 helmet
Wands
 f - a wand of flame (27) (quivered)
Scrolls
 b - a scroll of blinking
 d - 2 scrolls of immolation
 e - a scroll of enchant weapon
 g - a scroll of fear
 j - a scroll of silence
Potions
 h - a potion of curing
 i - a potion of heal wounds
 k - a potion of haste


   Skills:
 + Level 1.9 Fighting
 + Level 2.7 Dodging
 + Level 1.9 Stealth
 + Level 2.1 Unarmed Combat
 + Level 1.9 Spellcasting
 + Level 3.8 Necromancy


You had one spell level left.
You knew the following spells:

 Your Spells              Type           Power      Damage    Failure   Level
a - Pain                  Necr           44%        1d6       5%          1
b - Vampiric Draining     Necr           5%         2d6       16%         3
c - Summon Small Mammal   Summ           4%         N/A       26%         1
d - Ensorcelled Hibernat  Hex/Ice        2%         N/A       36%         2

Your spell library contained the following spells:

 Spells                   Type           Power      Damage    Failure   Level
 Animate Skeleton         Necr           22%        N/A       5%          1
 Apportation              Tloc           2%         N/A       26%         1
 Corona                   Hex            1%         N/A       26%         1
 Animate Dead             Necr           5%         N/A       45%         4
 Gell's Gravitas          Tloc           0%         N/A       61%         3
 Ignite Poison            Fire/Tmut/Pois 1%         N/A       61%         3
 Mephitic Cloud           Conj/Pois/Air  1%         N/A       61%         3
 Teleport Other           Tloc           1%         N/A       61%         3
 Tukima's Dance           Hex            1%         N/A       61%         3
 Agony                    Necr           11%        N/A       82%         5
 Bolt of Magma            Conj/Fire/Erth 0%         4d4       100%        5
 Dispersal                Tloc           0%         N/A       100%        6


Dungeon Overview and Level Annotations

Branches:
Dungeon (4/15)
 Temple: D:4-7

Altars:
Ashenzari
Wu Jian

Shops:
D:1 :   D:4 *


Innate Abilities, Weirdness & Mutations

You are too large for most types of armour.
You have claws for hands.
Your natural rate of healing is unusually fast.
You are covered in fur. (AC +1)
You have tough skin. (AC +1)


Message History

Confirm with . or Enter, or press ? or * to list all spells.
Aiming: Pain (safe; 5% risk of failure)
Press: ? - help, Shift-Dir - straight line, f/p - gnoll
Aim: a gnoll, wielding a +0 halberd (heavily wounded, chance to affect: 73%)
The gnoll writhes in agony.
The gnoll barely misses you.
Casting: Pain (safe; 5% risk of failure)
Confirm with . or Enter, or press ? or * to list all spells.
Aiming: Pain (safe; 5% risk of failure)
Press: ? - help, Shift-Dir - straight line, f/p - gnoll
Aim: a gnoll, wielding a +0 halberd (heavily wounded, chance to affect: 73%)
The gnoll writhes in agony.
The gnoll drinks a potion.
The gnoll is healed!
You closely miss the gnoll.
The gnoll hits you from afar with a +0 halberd.
You barely miss the gnoll. The gnoll barely misses you.
The gnoll closely misses you.
You scratch the gnoll.
The gnoll is heavily wounded.
The gnoll barely misses you.
The gnoll misses you. x2; The gnoll barely misses you.
You completely miss the gnoll. The gnoll hits you with a +0 whip.
The gnoll closely misses you. The gnoll hits you with a +0 halberd!
You barely miss the gnoll. The gnoll hits you with a +0 whip.
The gnoll hits you from afar with a +0 spear!
You scratch the gnoll.
The gnoll is heavily wounded.
The gnoll hits you with a +0 halberd!
You closely miss the gnoll.
The gnoll is heavily wounded.
The gnoll barely misses you.
The gnoll hits you from afar with a +0 spear.
* * * LOW HITPOINT WARNING * * *
The gnoll hits you with a +0 halberd!
* * * LOW HITPOINT WARNING * * *
You claw the gnoll!
You kill the gnoll!
The gnoll hits you with a +0 whip.
* * * LOW HITPOINT WARNING * * *
The gnoll hits you but does no damage. The gnoll hits you with a +0 spear.
You die...

##### ...####### #
.....≈≈≈## ##.
#.##≈≈≈≈≈#
###...###.##≈≈∩≈≈#
......g@g..#≈≈.≈≈#
###...###..##≈.≈####
##.####..###.....#####
#.......# ##..#......
#..####.# #..####### #
##.####..###
#..........###
#..####......###
...... ...........


You could see 2 gnolls.

Vanquished Creatures
  A necrophage (D:4)
  A hound (D:4)
  An iguana (D:3)
  A bullfrog skeleton (D:3)
  A gnoll (D:4)
  7 adders
  An adder skeleton (D:4)
  A worm (D:2)
  3 dart slugs
  4 ball pythons
  9 endoplasms
  5 giant cockroaches
  4 goblins
  2 hobgoblins
  8 jackals
  5 kobolds
  3 quokkas
  8 bats
  4 frilled lizards
  A quokka skeleton (D:4)
  11 rats
81 creatures vanquished.

Vanquished Creatures (others)
  A frilled lizard (D:2)
  7 plants
8 creatures vanquished.

Grand Total: 89 creatures vanquished

Notes
Turn   | Place    | Note
-------+----------+-------------------------------------------
     0 | D:1      | RascalDebosk the Troll Necromancer began the quest for the
                  | Orb.
     0 | D:1      | Reached XP level 1. HP: 16/16 MP: 1/1
   120 | D:1      | Identified a scroll of acquirement
   120 | D:1      | Acquired a book of Cantrips
   275 | D:1      | Reached XP level 2. HP: 20/24 MP: 0/2
   425 | D:1      | Found Huhes's Book Shop.
   863 | D:2      | Reached XP level 3. HP: 29/32 MP: 1/4
   990 | D:2      | Reached skill level 1 in Unarmed Combat
  1069 | D:2      | Reached skill level 1 in Fighting
  1185 | D:2      | Learned a level 3 spell: Vampiric Draining
  1194 | D:2      | Reached XP level 4. HP: 41/41 MP: 2/5
  2018 | D:3      | Found a broken altar of Ashenzari.
  2283 | D:3      | Became a worshipper of Ashenzari the Shackled
  2413 | D:3      | Reached XP level 5. HP: 48/48 MP: 1/6
  2827 | D:4      | Learned a level 1 spell: Summon Small Mammal
  2830 | D:4      | Learned a level 2 spell: Ensorcelled Hibernation
  2910 | D:4      | Found an ornate altar of the Wu Jian Council.
  2958 | D:4      | Noticed a necrophage
  2970 | D:4      | Killed a necrophage
  3082 | D:4      | Reached XP level 6. HP: 50/57 MP: 7/7
  3275 | D:4      | Found Wuytypawn's General Store.
  3317 | D:4      | HP: 2/57 [gnoll (4)]
  3318 | D:4      | Slain by a gnoll

Illustrated notes

Levels and vault maps discovered:
D:1:      onia_arrival_handbag, layout_rooms, serial_shops, shop, minivault_26,
          minmay_domino_2
D:2:      layout_rooms, serial_curves, eino_curves_03, eino_curves_04
D:3:      layout_loops_ring, nicolae_ashenzari_skybound, serial_bayou_ford_a
D:4:      layout_loops_ring, mainiacjoe_overflow_alcove_4, serial_shops,
          nicolae_shop_waterfront, guppyfry_early_lair_pool, uniq_eustachio

Skill      XL: |  1  2  3  4  5 |
---------------+----------------+-----
Dodging        | 2 |  2.7
Unarmed Combat | 1 2 |  2.1
Fighting       | 1 |  1.9
Stealth        | |  1.9
Spellcasting   | |  1.9
Necromancy     | |  3.8

Action                   |  1- 3 |  4- 6 || total
-------------------------+-------+-------++-------
Melee: Unarmed           |    97 |    88 ||   185
       Punch             |       |     1 ||     1
 Cast: Pain              |    41 |    52 ||    93
       Summon Small Mamm |       |     2 ||     2
Evoke: Wand              |       |     9 ||     9
  Use: Scroll            |     9 |     2 ||    11
       Potion            |     3 |     1 ||     4
 Stab: Sleeping          |       |     1 ||     1
Armor: Robe              |    45 |    36 ||    81
Dodge: Dodged            |    70 |    72 ||   142
